 Dungeon Crawl Stone Soup version 0.25.0-46-gbd7b0854d2 (webtiles) character file.

Game seed: 13861759795009624723

7854 Gwenloh the Carver (level 11, -1/85 HPs)
             Began as a Human Fighter on July 16, 2020.
             Was a Believer of the Shining One.
             Slain by a spiny frog (13 damage)
             ... on level 2 of the Lair of Beasts.
             The game lasted 00:45:48 (16176 turns).

Gwenloh the Carver (Human Fighter)                 Turns: 16176, Time: 00:45:48

Health: -1/85      AC: 10    Str: 22    XL:     11   Next: 45%
Magic:  11/11      EV:  8    Int: 11    God:    the Shining One [**....]
Gold:   705        SH: 13    Dex: 17    Spells: 10/10 levels left

rFire    . . .     SeeInvis .   a - +2 scimitar
rCold    . . .     Gourm    .   c - +1 kite shield
rNeg     + . .     Faith    .   l - +1 scale mail
rPois    +         Spirit   .   G - +0 helmet {Int+3}
rElec    .         Reflect  .   (no cloak)
rCorr    .         Harm     .   (no gloves)
MR       .....                  (no boots)
Stlth    ..........             C - amulet of magic regeneration
HPRegen  0.24/turn              h - +6 ring of strength
MPRegen  0.37/turn              M - ring of poison resistance

@: glowing
A: no striking features
a: Divine Shield, Renounce Religion


You were on level 2 of the Lair of Beasts.
You worshipped the Shining One.
The Shining One was pleased with you.
You were very hungry.

You visited 3 branches of the dungeon, and saw 12 of its levels.

You collected 705 gold pieces.

Inventory:

Hand Weapons
 a - a +2 scimitar (weapon)
 b - a +0 hunting sling
 H - a +0 long sword
 K - a +0 rapier
Missiles
 g - 239 stones
 o - 82 bolts
 u - 39 poisoned darts
 v - 14 javelins (quivered)
 z - 2 throwing nets
 A - 6 datura-tipped darts
 E - 6 boomerangs
 I - 73 sling bullets
Armour
 c - a +1 kite shield (worn)
 l - a +1 scale mail (worn)
 x - a +0 chain mail
 y - a +0 tower shield
 G - a +0 helmet of intelligence (worn)
Jewellery
 h - a +6 ring of strength (left hand)
 C - an amulet of magic regeneration (around neck)
 M - a ring of poison resistance (right hand)
Wands
 m - a wand of flame (14)
 B - a wand of iceblast (12)
 L - a wand of acid (10)
 O - a wand of paralysis (6)
Scrolls
 d - 3 scrolls of amnesia
 n - 3 scrolls of fear
 p - 5 scrolls of teleportation
 q - 3 scrolls of blinking
 s - 4 scrolls of remove curse
 w - 2 scrolls of immolation
 J - a scroll of torment {unknown}
 N - a scroll of noise {unknown}
Potions
 e - 2 potions of brilliance
 i - 3 potions of resistance
 k - 2 potions of haste {unknown}
 r - 2 potions of lignification {unknown}
 t - 3 potions of curing {unknown}
 D - a potion of stabbing {unknown}
 F - a potion of mutation {unknown}
Comestibles
 f - 11 rations


   Skills:
 + Level 7.7 Fighting
 * Level 10.3 Long Blades
 + Level 7.7 Armour
 * Level 9.9 Shields
 * Level 0.5 Invocations


You had 10 spell levels left.
You didn't know any spells.
Your spell library contained the following spells:

 Spells                   Type           Power        Failure   Level  Hunger
 Animate Skeleton         Necr           N/A          85%         1    ##.....
 Apportation              Tloc           #.....       85%         1    ##.....
 Beastly Appendage        Tmut           #.....       85%         1    ##.....
 Corona                   Hex            #......      85%         1    ##.....
 Summon Small Mammal      Summ           #...         85%         1    ##.....
 Ensorcelled Hibernation  Hex/Ice        #.....       94%         2    ###....
 Sticks to Snakes         Tmut           #.......     94%         2    ###....
 Confusing Touch          Hex            #.......     99%         3    ####...
 Dazzling Flash           Conj/Hex       #.....       99%         3    ####...
 Gell's Gravitas          Tloc           #.........   99%         3    ####...
 Spider Form              Tmut/Pois      #.........   99%         3    ####...
 Tukima's Dance           Hex            #.......     99%         3    ####...
 Ice Form                 Ice/Tmut       #.......     100%        4    #####..
 Petrify                  Tmut/Erth      #.......     100%        4    #####..
 Blade Hands              Tmut           #.........   100%        5    ######.
 Metabolic Englaciation   Hex/Ice        #.........   100%        5    ######.
 Yara's Violent Unravell  Hex/Tmut       #.........   100%        5    ######.


Dungeon Overview and Level Annotations

Branches:
Dungeon (9/15)             Temple (1/1) D:6            Lair (2/6) D:9
  Swamp: Lair:2-4    Shoals: Lair:2-4     Snake: Lair:2-4    Spider: Lair:2-4
    Orc: D:9-12

Altars:
Ashenzari
Cheibriados
Dithmenos
Elyvilon
Fedhas
Gozag
Hepliaklqana
Kikubaaqudgha
Makhleb
Nemelex Xobeh
Okawaru
Qazlal
Ru
Sif Muna
Trog
Uskayaw
Vehumet
Wu Jian
Xom
Yredelemnul
Zin
The Shining One

Shops:
D:8 %


Message History

You are too injured to fight recklessly!
You are too injured to fight recklessly!
You hit the spiny frog.
The spiny frog is almost dead.
The spiny frog stings you!
* * * LOW HITPOINT WARNING * * *
You hit the spiny frog but do no damage.
The spiny frog is almost dead.
The spiny frog barely misses you.
You barely miss the spiny frog.
The spiny frog is almost dead.
The spiny frog stings you but does no damage.
You fail to use your ability.
You block the spiny frog's attack. The spiny frog closely misses you.
You riposte.
You completely miss the spiny frog.
The spiny frog is almost dead.
You completely miss the spiny frog.
The spiny frog is almost dead.
The spiny frog stings you!
You die...

####..........#
#.............#
#.............#... .
###.............#. ..
#.................#
.....#..>........#...##
.................##....
.......#..........#...##
......##.F@<....### ..#
.....P.(######### ...
....%....# ...........
.............
......####..... .....#
#.##. #.... ## ###..


You could see a spiny frog.

Vanquished Creatures
  Joseph (D:9)
  A spiny frog (Lair:1)
  A merfolk (D:9)
  A troll (D:9)
  2 hippogriffs
  5 yaks
  2 hungry ghosts
  Grum (D:9)
  Edmund (D:6)
  2 water moccasins (Lair:1)
  2 ice beasts (D:8)
  2 orc warriors
  2 sky beasts
  A black bear (D:6)
  A necrophage (D:8)
  3 ogres
  2 phantoms
  The ghost of LohmatiyShmel the Ruffian, an amateur DrTm (D:3)
  10 wolves
  A centaur (D:8)
  A big kobold (D:9)
  2 bullfrogs
  2 scorpions (D:9)
  12 killer bees
  3 wights (D:9)
  3 electric eels (D:9)
  2 howler monkeys
  3 crimson imps
  3 jellies
  A centaur zombie (D:8)
  9 hounds
  A gnoll shaman (D:5)
  9 orc priests
  Crazy Yiuf (D:7)
  A bullfrog zombie (D:5)
  9 orc wizards
  4 bullfrog skeletons
  An iguana (D:4)
  Terence (D:3)
  4 worker ants
  A killer bee zombie (D:9)
  2 hound skeletons
  12 adders
  5 gnolls
  A shadow imp (D:6)
  2 oozes (D:3)
  An adder skeleton (D:8)
  7 worms
  3 dart slugs
  6 leopard geckos
  46 orcs
  7 giant cockroaches
  8 goblins
  6 hobgoblins
  14 jackals
  9 kobolds
  9 quokkas
  4 ball pythons
  6 bats
  7 frilled lizards
  A jackal zombie (D:8)
  4 rats
275 creatures vanquished.

Vanquished Creatures (others)
  A fungus (Lair:1)
  5 toadstools (D:1)
6 creatures vanquished.

Grand Total: 281 creatures vanquished

Notes
Turn   | Place    | Note
-------+----------+-------------------------------------------
     0 | D:1      | Gwenloh the Human Fighter began the quest for the Orb.
     0 | D:1      | Reached XP level 1. HP: 18/18 MP: 1/1
   239 | D:1      | Reached XP level 2. HP: 24/24 MP: 2/2
   905 | D:2      | Reached XP level 3. HP: 29/29 MP: 3/3
   961 | D:2      | Found a basalt altar of Yredelemnul.
  1299 | D:2      | Reached skill level 3 in Long Blades
  1299 | D:2      | Reached XP level 4. HP: 28/35 MP: 4/4
  2192 | D:3      | Noticed a hungry ghost
  2230 | D:3      | Killed a hungry ghost
  2230 | D:3      | Reached skill level 4 in Long Blades
  2230 | D:3      | Reached XP level 5. HP: 8/42 MP: 5/5
  2230 | D:3      | Reached XP level 6. HP: 10/48 MP: 6/6
  2690 | D:3      | Found a runed translucent gate.
  2690 | D:3      | Found a runed translucent gate.
  2765 | D:3      | Noticed Terence
  2797 | D:3      | Killed Terence
  3120 | D:3      | Found a runed translucent gate.
  3122 | D:3      | Found an opulent altar of Gozag.
  3124 | D:3      | Noticed LohmatiyShmel's ghost (amateur DrTm)
  3637 | D:3      | Killed LohmatiyShmel's ghost
  3637 | D:3      | Reached XP level 7. HP: 15/54 MP: 7/7
  4173 | D:4      | Reached skill level 5 in Long Blades
  4766 | D:4      | You fall into a shaft and drop 1 floor!
  4766 | D:5      | Entered Level 5 of the Dungeon
  5194 | D:5      | Reached XP level 8. HP: 61/61 MP: 8/8
  5577 | D:4      | Reached skill level 5 in Shields
  5903 | D:4      | Reached skill level 5 in Fighting
  5903 | D:4      | Reached skill level 6 in Long Blades
  5903 | D:4      | Reached skill level 5 in Armour
  6746 | D:6      | Noticed a hippogriff
  7029 | D:6      | Found a staircase to the Ecumenical Temple.
  7038 | Temple   | Entered the Ecumenical Temple
  7157 | Temple   | Became a worshipper of the Shining One
  7301 | D:6      | Noticed Edmund
  7323 | D:6      | Killed Edmund
  7747 | D:6      | Reached XP level 9. HP: 53/68 MP: 9/9
  7992 | D:6      | You fall into a shaft and drop 2 floors!
  8255 | D:7      | Reached skill level 7 in Long Blades
  8483 | D:6      | Paralysed by an orc wizard for 6 turns
  8492 | D:6      | Paralysed by an orc wizard for 3 turns
  8503 | D:6      | Paralysed by an orc wizard for 5 turns
  8522 | D:6      | Reached * piety under the Shining One
  8722 | D:6      | Killed a hippogriff
  9110 | D:7      | Noticed a hippogriff
  9124 | D:7      | Killed a hippogriff
  9605 | D:7      | Found a runed translucent door.
  9615 | D:7      | Noticed Crazy Yiuf
  9888 | D:7      | Killed Crazy Yiuf
  9966 | D:8      | Reached skill level 8 in Long Blades
 10037 | D:8      | HP: 3/69 [orc warrior/+0 trident (13)]
 10627 | D:7      | Reached XP level 10. HP: 37/76 MP: 10/10
 11597 | D:8      | Found Kisu Ots's Food Emporium.
 12555 | D:9      | Reached skill level 9 in Long Blades
 12794 | D:9      | Noticed Grum
 13671 | D:9      | Noticed Joseph
 13698 | D:9      | Killed Joseph
 13698 | D:9      | Reached XP level 11. HP: 14/84 MP: 11/11
 14064 | D:9      | Reached ** piety under the Shining One
 14099 | D:9      | Found a staircase to the Lair.
 14535 | D:9      | Killed Grum
 14778 | Lair:1   | Entered Level 1 of the Lair of Beasts
 14841 | Lair:1   | Reached skill level 10 in Long Blades
 16176 | Lair:2   | Slain by a spiny frog

Illustrated notes

Levels and vault maps discovered:
D:1:      ldierk_walled_garden, layout_basic
D:2:      layout_basic, yredelemnul_altar_generic, serial_forest,
          infiniplex_forest_clump_long, infiniplex_forest_lined_2,
          infiniplex_forest_lined_2, infiniplex_forest_end_2,
          infiniplex_forest_lined_room_3, infiniplex_forest_straight_1,
          infiniplex_forest_lined_room_2, infiniplex_forest_clump_double,
          infiniplex_forest_clump_diagonal
D:3:      layout_rooms, ebering_ghost_gozag, uniq_terence
D:4:      layout_loops_cross, first_ration
D:5:      kennysheep_big_flooded_room, layout_rooms
D:6:      layout_loops_ring, minmay_temple_entry_large_hall, uniq_edmund
D:7:      layout_basic, uniq_crazy_yiuf_cottage
D:8:      layout_rooms, serial_shops, shop_statue
D:9:      layout_basic, erik_lair_island, hangedman_fish_farm, uniq_grum,
          uniq_joseph
Temple:   minmay_crystal_snake_temple
Lair:1:   layout_gridlike
Lair:2:   layout_cave_pods

Skill      XL: |  1  2  3  4  5  6  7  8  9 10 11 |
---------------+----------------------------------+-----
Long Blades    | 3 4 5 6 8 9 10 | 10.3
Fighting       | 4 5 6 7 |  7.7
Armour         | 4 5 6 7 |  7.7
Shields        | 4 6 7 9 |  9.9
Invocations    | |  0.5

Action                   |  1- 3 |  4- 6 |  7- 9 | 10-12 || total
-------------------------+-------+-------+-------+-------++-------
Melee: Long sword        |    62 |   195 |   411 |       ||   668
       Scimitar          |       |       |    73 |   384 ||   457
 Fire: Hunting sling     |    15 |    60 |   195 |    45 ||   315
Throw: Stone             |    17 |       |       |       ||    17
       Dart              |       |       |     1 |    45 ||    46
       Javelin           |       |       |       |    16 ||    16
Invok: Divine Shield     |       |       |       |     1 ||     1
  Use: Potion            |       |       |     1 |     3 ||     4
       Scroll            |       |       |    11 |     4 ||    15
  Eat: Chunk             |       |     8 |    23 |    14 ||    45
       Ration            |       |     4 |       |     2 ||     6
Armor: Scale mail        |    23 |   119 |   169 |    99 ||   410
Dodge: Dodged            |    18 |    83 |   139 |    89 ||   329
Block: Kite shield       |    39 |   147 |   280 |   241 ||   707
       Rpst.: Long sword |     5 |    20 |    31 |       ||    56
       Scimitar          |       |       |     8 |    25 ||    33
